 Dungeon Crawl Stone Soup version 0.31-a0-845-g9abc20d24f (webtiles) character file.

Game seed: 15706033252737161266

245 BinkBink the Chiller (level 6, 0/41 HPs)
             Began as a Merfolk Ice Elementalist on Oct 2, 2023.
             Killed by nerve-wracking pain
             ... invoked by Menkaure
              (4 damage)
             ... on level 4 of the Dungeon.
             The game lasted 00:07:59 (4001 turns).

BinkBink the Chiller (Merfolk Ice Elementalist)     Turns: 4001, Time: 00:08:05

Health: 0/41       AC: 10    Str:  8    XL:     6   Next: 10%
Magic:  7/12       EV: 12    Int: 17    God:
Gold:   125        SH:  0    Dex: 14    Spells: 8/13 levels left

rFire   . . .        e - staff of cold
rCold   + . .        (no shield)
rNeg    . . .        a - +0 robe
rPois   .            p - +2 helmet
rElec   .            u - scarf {repulsion}
rCorr   .            d - +0 pair of gloves
SInv    .            (no boots)
Will    +....        (no amulet)
Stlth   ++           j - +4 ring of protection
HPRegen 0.26/turn    g - ring of willpower
MPRegen 0.13/turn

%: repel missiles
@: brilliant, freezing walls
A: (nimble swimmer 2), mertail
a: no special abilities


You were on level 4 of the Dungeon.
You visited 1 branch of the dungeon, and saw 4 of its levels.

You collected 125 gold pieces.

Inventory:

Armour
 a - a +0 robe (worn)
 d - a +0 pair of gloves (worn)
 n - a +0 cloak
 p - a +2 helmet (worn)
 u - a scarf of repulsion (worn)
Magical Staves
 e - a staff of cold (weapon)
Jewellery
 g - a ring of willpower (right hand)
 j - a +4 ring of protection (left hand)
 q - a ring of positive energy
Wands
 t - a wand of flame (20)
Scrolls
 h - a scroll of revelation {unknown}
 k - a scroll of fog {unknown}
 m - 3 scrolls of fear {unknown}
 v - a scroll of amnesia {unknown}
Potions
 b - a potion of magic
 c - 2 potions of brilliance
 f - a potion of mutation {unknown}
 i - a potion of haste {unknown}
 l - a potion of curing {unknown}
 o - 3 potions of degeneration {unknown}
 r - a potion of heal wounds {unknown}
 s - a potion of ambrosia {unknown}


   Skills:
 - Level 2.6 Dodging
 - Level 2.1 Stealth
 + Level 4.0 Spellcasting
 + Level 0.9 Conjurations
 + Level 0.7 Fire Magic
 + Level 6.1 Ice Magic


You had 8 spell levels left.
You knew the following spells:

 Your Spells              Type           Power      Damage    Failure   Level
a - Freeze                Ice            100%       1d10      1%          1
b - Foxfire               Conj/Fire      36%        2x1d5     11%         1
c - Frozen Ramparts       Ice            100%       1d16      3%          3

Your spell library contained the following spells:

 Spells                   Type           Power      Damage    Failure   Level
 Ozocubu's Armour         Ice            53%        N/A       3%          3
 Inner Flame              Hex/Fire       7%         N/A       38%         3
 Summon Ice Beast         Ice/Summ       31%        N/A       41%         4
 Yara's Violent Unravell  Hex/Tmut       2%         3d3       99%         5
 Plasma Beam              Fire/Air       3%         2x1d13    100%        6
 Starburst                Conj/Fire      4%         6d4       100%        6
 Enfeeble                 Hex            2%         N/A       100%        7


Dungeon Overview and Level Annotations

Branches:
Dungeon (4/15)
 Temple: D:4-7

Altars:
Elyvilon
Ru
Vehumet
The Shining One

Annotations:
D:4 Menkaure


Innate Abilities, Weirdness & Mutations

((You are very nimble when in or above water. (Stealth+, EV+, Speed+++)))
Your lower body shifts to a powerful aquatic tail in water.


Message History

A kobold is nearby!
Found a stone staircase leading down.
No target in view!
v - a scroll labelled KUDO MUYDODO A kobold is nearby!
You feel a surge of power!
You freeze the kobold.
You kill the kobold!
Things that are here:
a +0 dagger; 3 stones A ball python comes into view.
You feel a surge of power!
You freeze the ball python!
You kill the ball python!
You now have 125 gold pieces (gained 9).
Found a stone staircase leading up.
Menkaure, Prince of Dust comes into view.
Menkaure hits you!
You feel a surge of power!
You freeze Menkaure but do no damage.
Menkaure completely resists.
You feel a surge of power!
You freeze Menkaure.
Menkaure resists.
Menkaure is lightly damaged.
Menkaure hits you!
You are too injured to fight recklessly!
You are too injured to fight recklessly!
Casting: Freeze (safe; 1% risk of failure)
Confirm with . or Enter, or press ? or * to list all spells.
Casting: Frozen Ramparts (dangerous; 3% risk of failure)
Press: ? - help, Dir - look around, f - activate You feel a surge of power!
The walls around you are covered in ice.
The wall freezes Menkaure but does no damage.
Menkaure casts a spell at you. Pain shoots through your body!
* * * LOW HITPOINT WARNING * * *
It was a potion of brilliance.
You feel clever all of a sudden.
Menkaure completely resists.
The wall freezes Menkaure but does no damage.
Menkaure points at you and mumbles some strange words.
Pain shoots through your body!
You die...

.########...####....#####
## #................. #
#....####....##### #
#.#.## ##.#.# # #.#.#
#.#.# # #.#.# #.#.# #.#.#
#.#.# #.#.######.#.#
#.##...@...# #.....M..#.#
####.#####.# # #


You could see Menkaure.

Vanquished Creatures
  A scorpion (D:4)
  Ijyb (D:3)
  Robin (D:2)
  4 adders
  2 worms (D:2)
  5 dart slugs
  2 orcs
  8 bats
  5 endoplasms
  6 giant cockroaches
  20 goblins
  11 hobgoblins
  3 jackals (D:3)
  5 kobolds
  3 quokkas
  9 ball pythons
  2 frilled lizards
  5 rats
93 creatures vanquished.

Notes
Turn   | Place    | Note
-------+----------+-------------------------------------------
     0 | D:1      | BinkBink the Merfolk Ice Elementalist began the quest for
                  | the Orb.
     0 | D:1      | Reached XP level 1. HP: 13/13 MP: 3/3
   167 | D:1      | Reached XP level 2. HP: 14/19 MP: 3/5
   592 | D:1      | Reached XP level 3. HP: 24/24 MP: 6/6
   606 | D:1      | Reached skill level 5 in Ice Magic
  1380 | D:2      | Reached XP level 4. HP: 30/30 MP: 5/8
  1927 | D:2      | Noticed Robin
  2079 | D:2      | Killed Robin
  2277 | D:2      | Reached XP level 5. HP: 22/35 MP: 5/10
  2625 | D:3      | Found a sacrificial altar of Ru.
  3148 | D:3      | Found a glowing golden altar of the Shining One.
  3270 | D:3      | Noticed Ijyb
  3297 | D:2      | Learned a level 1 spell: Foxfire
  3301 | D:2      | Learned a level 3 spell: Frozen Ramparts
  3307 | D:3      | Killed Ijyb
  3308 | D:3      | Reached skill level 6 in Ice Magic
  3490 | D:3      | Found a white marble altar of Elyvilon.
  3492 | D:3      | Found a radiant altar of Vehumet.
  3669 | D:4      | Reached XP level 6. HP: 41/41 MP: 5/12
  3873 | D:4      | Identified the +6 spear of Okawaru's Grace {venom, rElec
                  | rPois rN+ Dex-4}
  3995 | D:4      | Noticed Menkaure
  4001 | D:4      | Killed from afar by Menkaure

Illustrated notes

Levels and vault maps discovered:
D:1:      dpeg_arrival_tiny_d, layout_basic
D:2:      layout_basic, minmay_misc_feat_rugged, uniq_robin
D:3:      layout_loops_ring, nicolae_ru_great_annihilating_truth,
          tso_oasis_becter, nicolae_overflow_hidden_temple, minivault_25,
          kennysheep_pointless_box, uniq_ijyb
D:4:      layout_loops_ring, kennysheep_little_box, uniq_menkaure

Skill      XL: |  1  2  3  4  5 |
---------------+----------------+-----
Ice Magic      | 5 6 |  6.1
Spellcasting   | 3 4 |  4.0
Dodging        | |  2.6
Stealth        | |  2.1
Conjurations   | |  0.9
Fire Magic     | |  0.7

Action                     |  1- 3 |  4- 6 || total
---------------------------+-------+-------++-------
  Melee: Unarmed           |     1 |       ||     1
         Staff             |     3 |    10 ||    13
   Cast: Freeze            |    52 |    88 ||   140
         Frozen Ramparts   |       |     2 ||     2
    Use: Potion            |       |     1 ||     1
 Armour: Robe              |    25 |    48 ||    73
  Dodge: Dodged            |    33 |    56 ||    89

Table legend: (Time is in decaauts)
 A = Elapsed time spent in this place.
 B = Non-inter-level travel time spent in this place.
 C = Inter-level travel time spent in this place.
 D = Time resting spent in this place.
 E = Time spent auto-exploring this place.
 F = Levels seen in this place.
 G = Mean time per level.
                   A        B        C        D        E       F      G
               +--------+--------+--------+--------+--------+-----+--------+
         Total |   4002 |   3889 |    113 |     12 |   3241 |   4 | 1000.5 |
       Dungeon |   4002 |   3889 |    113 |     12 |   3241 |   4 | 1000.5 |
               +--------+--------+--------+--------+--------+-----+--------+

Top non-repeatable levels by time:
     D:2: 1437 daAuts
     D:1: 1136 daAuts
     D:3: 1079 daAuts
     D:4: 348 daAuts
